 Dungeon Crawl Stone Soup version 0.26.1-11-gd32895ea62 (webtiles) character file.

Game seed: 12012113861787543137

4365 dtburroughs the Fighter (level 10, -1/91 HPs)
             Began as a Minotaur Berserker on July 8, 2021.
             Was an Elder of Trog.
             Slain by a two-headed ogre
             ... wielding a +0 giant club
              (20 damage)
             ... on level 9 of the Dungeon.
             The game lasted 00:11:42 (8814 turns).

dtburroughs the Fighter (Minotaur Berserker)        Turns: 8814, Time: 00:11:42

Health: -1/91      AC: 17    Str: 21    XL:     10   Next: 13%
Magic:  9/9        EV: 11    Int:  7    God:    Trog [****..]
Gold:   439        SH:  0    Dex: 11    Spells: 9/9 levels left

rFire    . . .     SeeInvis .   r - +4 dire flail (drain)
rCold    . . .     Faith    +   (shield currently unavailable)
rNeg     . . .     Spirit   .   f - +0 chain mail
rPois    .         Reflect  .   (helmet restricted)
rElec    .         Harm     .   s - +1 cloak {Stlth+}
rCorr    .         Rampage  .   (no gloves)
Will     .....                  (no boots)
Stlth    ..........             j - amulet of faith
HPRegen  0.25/turn              i - +4 ring of protection
MPRegen  0.11/turn              (no ring)

@: berserk cooldown, hasted and slowed
A: retaliatory headbutt, horns 2
a: Renounce Religion, Berserk, Trog's Hand, Brothers in Arms


You were on level 9 of the Dungeon.
You worshipped Trog.
Trog was greatly pleased with you.
You visited 1 branch of the dungeon, and saw 9 of its levels.

You collected 439 gold pieces.

Inventory:

Hand Weapons
 a - a +0 hand axe
 r - a +4 dire flail of draining (weapon)
 G - a cursed -1 battleaxe
Armour
 f - a +0 chain mail (worn)
 o - a +1 scale mail of fire resistance
 s - a +1 cloak of stealth (worn)
 t - a +0 pair of boots
 w - the cursed +0 ring mail of Squeaky Contentment {rF+ rN+ Dex-3, unknown}
   (You found it on level 6 of the Dungeon)

   It affects your dexterity (-3).
   It protects you from fire.
   It protects you from negative energy.
   It has a curse placed upon it.
Jewellery
 i - a +4 ring of protection (left hand)
 j - an amulet of faith (around neck)
 B - an uncursed amulet of magic regeneration {unknown}
 E - a cursed amulet of inaccuracy {unknown}
 I - a cursed -4 ring of strength {unknown}
Wands
 v - a wand of digging (3)
 D - a wand of paralysis (12)
 J - a wand of iceblast (6)
Scrolls
 d - 12 scrolls of teleportation
 e - 3 scrolls of fear
 g - a scroll of random uselessness {unknown}
 h - 5 scrolls of identify
 n - 5 scrolls of remove curse {unknown}
 p - 3 scrolls of enchant armour {unknown}
 u - 2 scrolls of enchant weapon {unknown}
 x - a scroll of torment {unknown}
 y - a scroll of magic mapping {unknown}
 z - a scroll of fog {unknown}
 C - a scroll of blinking {unknown}
 F - 2 scrolls of amnesia {unknown}
 H - a scroll of vulnerability {unknown}
Potions
 b - a potion of lignification {unknown}
 c - 2 potions of haste
 k - a potion of flight {unknown}
 l - a potion of brilliance {unknown}
 m - 3 potions of heal wounds {unknown}
 q - 3 potions of attraction {unknown}
 A - a potion of magic {unknown}


   Skills:
 + Level 9.3 Fighting
 + Level 9.2 Axes
 + Level 8.9 Armour
 + Level 8.1 Dodging
 + Level 3.2 Evocations


You had 9 spell levels left.
You didn't know any spells.
Your spell library was empty.

Dungeon Overview and Level Annotations

Branches:
Dungeon (9/15)             Temple (0/1) D:6
   Lair: D:8-11         Orc: D:9-12

Altars:
Fedhas
Gozag
Makhleb
Nemelex Xobeh
Qazlal
Yredelemnul
Zin
The Shining One

Shops:
D:5 (

Annotations:
D:5 1 runed translucent door, bnorton916's ghost, novice DEIE


Innate Abilities, Weirdness & Mutations

You reflexively headbutt those who attack you in melee.
You have a pair of horns on your head.


Message History

A two-headed ogre is nearby!
A two-headed ogre is nearby!
Things that are here:
a +0 dire flail; a +0 giant club; a howler monkey corpse You see here an arrow.
An ogre comes into view. It is wielding a +0 giant club.
You see here an orc skeleton.
The ogre hits you with a cursed +0 giant club!
The two-headed ogre hits you with a +0 giant club!
* * * LOW HITPOINT WARNING * * *
The two-headed ogre hits you with a +0 giant spiked club!
* * * LOW HITPOINT WARNING * * *
You fail to use your ability.
The two-headed ogre closely misses you.
The two-headed ogre hits you but does no damage.
You feel the effects of Trog's Hand fading.
There is a large open door here.
You feel yourself speed up.
Your skin stops crawling.
You feel less strong-willed.
The two-headed ogre hits you with a +0 giant club!!
You die...

#..# ##รท)#....# #..#
#..'....#
#####..#######..#....#
#...............#....##
#...............#.....#
###.............#.....#####
#........O....#..........
#'###+###O....####.......
.........@........#.#####.
..........'........#.#
..........#.#######..#
.......###.....#.###
#..............._..###
#..............#.#.....
#.######................ #.
#......(.###+#...
#.....<..# ..


You could see a two-headed ogre and an ogre.

Vanquished Creatures
  A two-headed ogre (D:9)
  A centaur zombie (D:8)
  Sigmund (D:3)
  A wyvern (D:6)
  Edmund (D:4)
  A water moccasin (D:6)
  Duvessa (D:4)
  4 ice beasts
  2 orc warriors
  A black bear (D:7)
  2 ogres
  5 centaurs
  2 bullfrogs (D:7)
  Dowan (D:4)
  A scorpion (D:4)
  A wight (D:6)
  A howler monkey (D:9)
  A bullfrog zombie (D:6)
  2 centaur skeletons
  6 hounds
  A jelly (D:7)
  7 orc priests
  6 orc wizards
  Jessica (D:3)
  5 iguanas
  Terence (D:2)
  5 worker ants
  Natasha (twice) (D:3)
  2 hound skeletons
  8 adders
  5 white imps
  An ufetubus (D:6)
  An adder skeleton (D:5)
  3 worms
  4 dart slugs
  5 leopard geckos
  32 orcs
  6 giant cockroaches
  7 hobgoblins
  5 jackals
  6 quokkas
  5 ball pythons
  3 bats
  4 frilled lizards
  6 goblins
  A jackal skeleton (D:4)
  A jackal zombie (D:5)
  5 kobolds
  A leopard gecko skeleton (D:4)
  9 rats
184 creatures vanquished.

Notes
Turn   | Place    | Note
-------+----------+-------------------------------------------
     0 | D:1      | dtburroughs the Minotaur Berserker began the quest for the
                  | Orb.
     0 | D:1      | Reached XP level 1. HP: 19/19 MP: 0/0
   143 | D:1      | Reached XP level 2. HP: 18/27 MP: 1/1
  1258 | D:2      | Reached XP level 3. HP: 27/33 MP: 2/2
  1369 | D:2      | Reached ** piety under Trog
  1409 | D:2      | Noticed Terence
  1422 | D:2      | Killed Terence
  1644 | D:2      | Found a basalt altar of Yredelemnul.
  2335 | D:3      | Reached XP level 4. HP: 35/41 MP: 3/3
  2875 | D:3      | Found a burning altar of Makhleb.
  2940 | D:3      | Reached XP level 5. HP: 35/47 MP: 4/4
  3355 | D:3      | Noticed Natasha
  3367 | D:3      | Killed Natasha
  3544 | D:3      | Reached skill level 5 in Fighting
  3623 | D:3      | Noticed Natasha
  3624 | D:3      | Noticed Jessica
  3636 | D:3      | Killed Natasha
  3637 | D:3      | Reached skill level 5 in Axes
  3641 | D:3      | Killed Jessica
  3648 | D:3      | Noticed Sigmund
  3674 | D:3      | Killed Sigmund
  3675 | D:3      | Reached XP level 6. HP: 45/56 MP: 5/5
  4298 | D:4      | Reached skill level 5 in Armour
  4298 | D:4      | Reached XP level 7. HP: 57/62 MP: 6/6
  4375 | D:4      | Noticed Dowan
  4377 | D:4      | Noticed Duvessa
  4419 | D:4      | Killed Duvessa
  4428 | D:4      | Killed Dowan
  4724 | D:4      | Reached skill level 5 in Dodging
  4807 | D:4      | Noticed Edmund
  4835 | D:4      | Killed Edmund
  5274 | D:5      | Entered Level 5 of the Dungeon
  5288 | D:5      | Found Luraz's Antique Weapon Shoppe.
  5307 | D:5      | Reached XP level 8. HP: 54/67 MP: 7/7
  5441 | D:5      | Found a runed translucent door.
  5454 | D:5      | Noticed bnorton916's ghost (novice DEIE)
  5534 | D:5      | Found an opulent altar of Gozag.
  5934 | D:6      | Got a masterwork ring mail
  5976 | D:6      | Reached *** piety under Trog
  6102 | D:6      | Found a staircase to the Ecumenical Temple.
  6398 | D:6      | Reached XP level 9. HP: 72/81 MP: 8/8
  6596 | D:6      | Found a glowing drain.
  7037 | D:7      | Reached **** piety under Trog
  7043 | D:7      | Reached skill level 1 in Evocations
  7304 | D:7      | Found a stormy altar of Qazlal.
  7558 | D:7      | Found a glowing silver altar of Zin.
  7558 | D:7      | Found an opulent altar of Gozag.
  8097 | D:8      | Noticed a glowing orange brain
  8266 | D:8      | Noticed an eight-headed hydra
  8274 | D:8      | Noticed a death knight
  8313 | D:8      | Found a blossoming altar of Fedhas.
  8322 | D:8      | Found a glowing golden altar of the Shining One.
  8485 | D:9      | Found a sparkling altar of Nemelex Xobeh.
  8764 | D:9      | Noticed a two-headed ogre
  8791 | D:9      | Killed a two-headed ogre
  8792 | D:9      | Reached XP level 10. HP: 43/91 MP: 9/9
  8799 | D:9      | Noticed a two-headed ogre
  8814 | D:9      | Slain by a two-headed ogre

Illustrated notes

Levels and vault maps discovered:
D:1:      psy_arrival_basics, layout_loops_ring
D:2:      minmay_spotlight, layout_basic, marbit_many_paths, uniq_terence
D:3:      layout_loops_corners, lightli_temple_of_fire, uniq_sigmund,
          uniq_natasha, uniq_jessica
D:4:      layout_gridville, uniq_duvessa, uniq_edmund
D:5:      layout_rooms, basic_altar, ebering_ghost_sewer_d, serial_shops, shop
D:6:      hangedman_cross_stitches, layout_basic, temple_pool_b,
          portal_sewer_entry_b
D:7:      layout_cave_pods, grunt_temple_overflow_gold_and_silver,
          grunt_qazlal_clouds
D:8:      layout_rooms, grunt_temple_overflow_open,
          onia_ninara_dug_in_and_dangerous
D:9:      gammafunk_corrupted_shrine, layout_irregular_city,
          general_overflow_altar, lemuel_crystal_altar, serial_park_tiny_1

Skill      XL: |  1  2  3  4  5  6  7  8  9 |
---------------+----------------------------+-----
Fighting       | 4 5 6 7 9 |  9.3
Axes           | 4 5 6 7 9 |  9.2
Armour         | 3 4 5 7 8 |  8.9
Dodging        | 3 4 5 6 8 |  8.1
Evocations     | 3 |  3.2

Action                   |  1- 3 |  4- 6 |  7- 9 | 10-12 || total
-------------------------+-------+-------+-------+-------++-------
Melee: Hand axe          |    76 |   155 |    58 |       ||   289
       Headbutt          |     9 |    22 |    63 |       ||    94
       Dire flail        |       |       |   209 |     4 ||   213
Invok: Trog's Hand       |     1 |     4 |     5 |       ||    10
       Berserk           |     1 |     1 |     2 |       ||     4
  Use: Scroll            |       |       |     3 |       ||     3
       Potion            |       |       |       |     1 ||     1
Armor: Animal skin       |     7 |       |       |       ||     7
       Chain mail        |     9 |    97 |   157 |     1 ||   264
Dodge: Dodged            |    48 |    58 |   182 |     3 ||   291
